ITL
TRENTON STARS @ INDIANA HOUNDS
09/23/2025
 
TOP OF THE 1ST
Trenton Stars batting - Pitching for Indiana Hounds : RHP Claudio Martínez
Pitching: RHP Claudio Martínez
Batting: LHB Felipe Guerrero 0-0: Ball
1-0: Ground out 1-3 (Groundball, 25)
Batting: RHB Felipe Olivas 0-0: Called Strike
0-1: Ball
1-1: Ball
2-1: Ground out 6-3 (Groundball, 6M)
Batting: RHB Salvador Gonzáles 0-0: Called Strike
0-1: Ground out 6-3 (Groundball, 6)
Top of the 1st over - 0 run(s), 0 hit(s), 0 error(s), 0 left on base; Trenton 0 - Indiana 0
BOTTOM OF THE 1ST
Indiana Hounds batting - Pitching for Trenton Stars : RHP José Ortíz
Pitching: RHP José Ortíz
Batting: LHB Junior Coates 0-0: Called Strike
0-1: Ball
1-1: Ball
2-1: Ball
3-1: Base on Balls
Batting: RHB Domingo Romero 0-0: Swinging Strike
0-1: Ball
1-1: Grounds into double play, 1-6-3 (Groundball, 13)
Batting: RHB Doug Murray 0-0: Ball
1-0: Ball
2-0: Ball
3-0: Called Strike
3-1: Base on Balls
Batting: LHB Dave Helásquez 0-0: Foul Ball, location: 2F
0-1: Ball
Doug Murray steals 2nd base
1-1: Foul Ball, location: 2F
1-2: Strikes out swinging
Bottom of the 1st over - 0 run(s), 0 hit(s), 0 error(s), 1 left on base; Trenton 0 - Indiana 0
TOP OF THE 2ND
Trenton Stars batting - Pitching for Indiana Hounds : RHP Claudio Martínez
Batting: LHB Jeff Gordon 0-0: Ball
1-0: Ball
2-0: Foul Ball, location: 2F
2-1: Swinging Strike
2-2: Strikes out swinging
Batting: RHB Clancy Booker 0-0: Foul Ball, location: 2F
0-1: Called Strike
0-2: Ball
1-2: Ball
2-2: Strikes out swinging
Batting: LHB Ju-wei Shiu 0-0: Called Strike
0-1: Ball
1-1: Fly out, F9 (Flyball, 89M)
Top of the 2nd over - 0 run(s), 0 hit(s), 0 error(s), 0 left on base; Trenton 0 - Indiana 0
BOTTOM OF THE 2ND
Indiana Hounds batting - Pitching for Trenton Stars : RHP José Ortíz
Batting: RHB Danny Walker 0-0: Ball
1-0: Called Strike
1-1: Reached on error, E6 (Groundball, 6)
Batting: RHB Jorge Rodríguez 0-0: Ball
1-0: Ball
2-0: Called Strike
2-1: Swinging Strike
2-2: Strikes out looking
Batting: RHB Howard Daniel 0-0: Ball
1-0: Fly out, F8 (Flyball, 8LD)
Runner from 1st tags up, SAFE at 2nd
Batting: LHB Pepe Vázquez 0-0: Ball
1-0: Ball
2-0: Ball
3-0: Called Strike
3-1: Foul Ball, location: 2F
3-2: Foul Ball, location: 2F
3-2: Ground out 4-3 (Groundball, 4M)
Bottom of the 2nd over - 0 run(s), 0 hit(s), 1 error(s), 1 left on base; Trenton 0 - Indiana 0
TOP OF THE 3RD
Trenton Stars batting - Pitching for Indiana Hounds : RHP Claudio Martínez
Batting: RHB Rafael Canales 0-0: Ball
1-0: Ball
2-0: Foul Ball, location: 2F
2-1: Ball
3-1: SINGLE (Line Drive, 56D)
Batting: RHB Jesús Dávila 0-0: Ball
1-0: Fly out, F6 (Popup, 6)
Batting: SHB Rafael Villa 0-0: Called Strike
0-1: Called Strike
0-2: Strikes out swinging
Batting: LHB Felipe Guerrero 0-0: Ball
1-0: Foul Ball, location: 2F
1-1: Ball
2-1: Ball
3-1: Base on Balls
Rafael Canales to second
Batting: RHB Felipe Olivas 0-0: Ball
1-0: Foul Ball, location: 2F
1-1: Ball
2-1: Ball
3-1: Base on Balls
Rafael Canales to third
Felipe Guerrero to second
Batting: RHB Salvador Gonzáles 0-0: Ball
1-0: Called Strike
1-1: Ball
2-1: Called Strike
2-2: Foul Ball, location: 2F
2-2: Strikes out swinging
Top of the 3rd over - 0 run(s), 1 hit(s), 0 error(s), 3 left on base; Trenton 0 - Indiana 0
BOTTOM OF THE 3RD
Indiana Hounds batting - Pitching for Trenton Stars : RHP José Ortíz
Batting: RHB Paco Castillo 0-0: Ball
1-0: Called Strike
1-1: Called Strike
1-2: Ball
2-2: Foul Ball, location: 2F
2-2: SINGLE (Groundball, 5D)
Batting: LHB Junior Coates 0-0: Foul Ball, location: 2F
0-1: Called Strike
0-2: Ball
1-2: Ball
2-2: SINGLE (Line Drive, 6MD)
Paco Castillo to second
Batting: RHB Domingo Romero 0-0: Foul Ball, location: 2F
0-1: Ball
1-1: Ball
2-1: Swinging Strike
2-2: Ball
3-2: Strikes out looking
Batting: RHB Doug Murray 0-0: Foul Ball, location: 2F
0-1: Ball
1-1: SINGLE (Flyball, 78S)
Paco Castillo to third
Junior Coates to second
Runner from 3rd tries for Home, SAFE, no throw or cutoff
Batting: LHB Dave Helásquez 0-0: SINGLE (Groundball, 34D)
Junior Coates to third
Doug Murray to second
Runner from 3rd tries for Home, SAFE, throw made home
Doug Murray to third
Dave Helásquez to second
Batting: RHB Danny Walker 0-0: Ball
1-0: Ball
2-0: Called Strike
2-1: Ball
3-1: SINGLE (Groundball, 3L)
Doug Murray scores
Dave Helásquez to third
Runner from 3rd tries for Home, SAFE, throw made home
Batting: RHB Jorge Rodríguez 0-0: Foul Ball, location: 2F
0-1: Ground out 5-3 (Groundball, 56S)
Danny Walker to second
Batting: RHB Howard Daniel 0-0: Called Strike
0-1: Ball
1-1: Ground out 4-3 (Groundball, 4)
Bottom of the 3rd over - 4 run(s), 5 hit(s), 0 error(s), 1 left on base; Trenton 0 - Indiana 4
TOP OF THE 4TH
Trenton Stars batting - Pitching for Indiana Hounds : RHP Claudio Martínez
Batting: LHB Jeff Gordon 0-0: Ball
1-0: Ball
2-0: Called Strike
2-1: Foul Ball, location: 2F
2-2: Strikes out swinging
Batting: RHB Clancy Booker 0-0: Swinging Strike
0-1: Foul Ball, location: 2F
0-2: Ball
1-2: Ball
2-2: Strikes out swinging
Batting: LHB Ju-wei Shiu 0-0: Ground out 4-3 (Groundball, 34)
Top of the 4th over - 0 run(s), 0 hit(s), 0 error(s), 0 left on base; Trenton 0 - Indiana 4
BOTTOM OF THE 4TH
Indiana Hounds batting - Pitching for Trenton Stars : RHP José Ortíz
Batting: LHB Pepe Vázquez 0-0: Ground out U3 (Groundball, 3L)
Batting: RHB Paco Castillo 0-0: Ground out 6-3 (Groundball, 6)
Batting: LHB Junior Coates 0-0: Ball
1-0: Ball
2-0: Called Strike
2-1: Swinging Strike
2-2: Strikes out swinging
Bottom of the 4th over - 0 run(s), 0 hit(s), 0 error(s), 0 left on base; Trenton 0 - Indiana 4
TOP OF THE 5TH
Trenton Stars batting - Pitching for Indiana Hounds : RHP Claudio Martínez
Batting: RHB Rafael Canales 0-0: Ball
1-0: Called Strike
1-1: Ball
2-1: Ball
3-1: Base on Balls
Batting: RHB Jesús Dávila 0-0: Ball
1-0: Foul Ball, location: 2F
1-1: SINGLE (Groundball, 6D) (infield hit)
Rafael Canales to second
Batting: SHB Rafael Villa 0-0: Called Strike
0-1: Foul Ball, location: 2F
0-2: Foul Ball, location: 2F
0-2: Strikes out swinging
Batting: LHB Felipe Guerrero 0-0: Called Strike
0-1: Ball
1-1: Ball
2-1: Swinging Strike
2-2: Fly out, F5 (Popup, 5SF)
Batting: RHB Felipe Olivas 0-0: Ball
1-0: Called Strike
1-1: Ball
2-1: Fly out, F8 (Flyball, 89M)
Top of the 5th over - 0 run(s), 1 hit(s), 0 error(s), 2 left on base; Trenton 0 - Indiana 4
BOTTOM OF THE 5TH
Indiana Hounds batting - Pitching for Trenton Stars : RHP José Ortíz
Batting: RHB Domingo Romero 0-0: Ball
1-0: Called Strike
1-1: Fly out, F2 (Popup, 2RF)
Batting: RHB Doug Murray 0-0: Ball
1-0: Called Strike
1-1: Ground out 3-1 (Groundball, 34)
Batting: LHB Dave Helásquez 0-0: Ball
1-0: Swinging Strike
1-1: Ball
2-1: Called Strike
2-2: Ground out 6-3 (Groundball, 6)
Bottom of the 5th over - 0 run(s), 0 hit(s), 0 error(s), 0 left on base; Trenton 0 - Indiana 4
TOP OF THE 6TH
Trenton Stars batting - Pitching for Indiana Hounds : RHP Claudio Martínez
Batting: RHB Salvador Gonzáles 0-0: Ball
1-0: Called Strike
1-1: Foul Ball, location: 2F
1-2: Foul Ball, location: 2F
1-2: Ball
2-2: Ball
3-2: Strikes out swinging
Batting: LHB Jeff Gordon 0-0: Ball
1-0: SOLO HOME RUN (Flyball, 9LD), Distance : 327 ft
Batting: RHB Clancy Booker 0-0: SINGLE (Line Drive, 3D)
Batting: LHB Ju-wei Shiu 0-0: Grounds into double play, 4-6-3 (Groundball, 4M)
Top of the 6th over - 1 run(s), 2 hit(s), 0 error(s), 0 left on base; Trenton 1 - Indiana 4
BOTTOM OF THE 6TH
Indiana Hounds batting - Pitching for Trenton Stars : RHP José Ortíz
Batting: RHB Danny Walker 0-0: Ball
1-0: Foul Ball, location: 2F
1-1: SINGLE (Flyball, 9S)
Batting: RHB Jorge Rodríguez 0-0: Called Strike
0-1: Called Strike
0-2: Ball
1-2: Ball
2-2: Foul Ball, location: 2F
Balk!
Danny Walker to second
2-2: Ball
3-2: Intentional Walk
Batting: RHB Howard Daniel 0-0: Fly out, F9 (Flyball, 89S)
Batting: LHB Pepe Vázquez 0-0: Ball
1-0: Foul Ball, location: 2F
1-1: Ball
2-1: Grounds out, U3 (Groundball, 3L)
Danny Walker to third
Batting: RHB Paco Castillo 0-0: Ball
1-0: Called Strike
1-1: SINGLE (Groundball, 34D)
Danny Walker scores
Jorge Rodríguez to third
Runner from 3rd tries for Home, throw and OUT!
Bottom of the 6th over - 1 run(s), 2 hit(s), 0 error(s), 1 left on base; Trenton 1 - Indiana 5
TOP OF THE 7TH
Trenton Stars batting - Pitching for Indiana Hounds : RHP Claudio Martínez
Pitching: RHP Ho Lopan
Batting: RHB Rafael Canales 0-0: Ball
1-0: Foul Ball, location: 2F
1-1: Foul Ball, location: 2F
1-2: Fly out, F2 (Popup, 2LF)
Batting: RHB Jesús Dávila 0-0: Ball
1-0: Fly out, F9 (Line Drive, 9M)
Batting: SHB Rafael Villa 0-0: Ball
1-0: Ground out 2-3 (Groundball, 23)
Top of the 7th over - 0 run(s), 0 hit(s), 0 error(s), 0 left on base; Trenton 1 - Indiana 5
BOTTOM OF THE 7TH
Indiana Hounds batting - Pitching for Trenton Stars : RHP José Ortíz
Pitching: RHP Gilberto Martínez
Batting: LHB Junior Coates 0-0: Called Strike
0-1: Called Strike
0-2: Strikes out swinging
Batting: RHB Domingo Romero 0-0: Foul Ball, location: 2F
0-1: Ball
1-1: Called Strike
1-2: Strikes out looking
Batting: RHB Doug Murray 0-0: Ball
1-0: Foul Ball, location: 2F
1-1: Foul Ball, location: 2F
1-2: Ball
2-2: Hit by Pitch
Batting: LHB Dave Helásquez 0-0: Ball
Doug Murray steals 2nd base
1-0: Called Strike
1-1: Fly out, F7 (Flyball, 78D)
Bottom of the 7th over - 0 run(s), 0 hit(s), 0 error(s), 1 left on base; Trenton 1 - Indiana 5
TOP OF THE 8TH
Trenton Stars batting - Pitching for Indiana Hounds : RHP Ho Lopan
Batting: LHB Felipe Guerrero 0-0: Ball
1-0: Foul Ball, location: 2F
1-1: SINGLE (Groundball, 6MD)
Batting: RHB Felipe Olivas 0-0: Foul Ball, location: 2F
0-1: Foul Ball, location: 2F
0-2: Strikes out swinging
Batting: RHB Salvador Gonzáles 0-0: Swinging Strike
0-1: Swinging Strike
0-2: Ball
1-2: Ball
2-2: Ball
3-2: Strikes out looking
Batting: LHB Jeff Gordon 0-0: Called Strike
0-1: Ball
1-1: Ground out 3-1 (Groundball, 3)
Top of the 8th over - 0 run(s), 1 hit(s), 0 error(s), 1 left on base; Trenton 1 - Indiana 5
BOTTOM OF THE 8TH
Indiana Hounds batting - Pitching for Trenton Stars : RHP Gilberto Martínez
Batting: RHB Danny Walker 0-0: Ball
1-0: Called Strike
1-1: Called Strike
1-2: Strikes out looking
Batting: RHB Jorge Rodríguez 0-0: Ball
1-0: Ball
2-0: Called Strike
2-1: Foul Ball, location: 2F
2-2: Strikes out looking
Batting: RHB Howard Daniel 0-0: Ball
1-0: Foul Ball, location: 2F
1-1: Ball
2-1: Called Strike
2-2: Strikes out swinging
Bottom of the 8th over - 0 run(s), 0 hit(s), 0 error(s), 0 left on base; Trenton 1 - Indiana 5
TOP OF THE 9TH
Trenton Stars batting - Pitching for Indiana Hounds : RHP Ho Lopan
Pitching: LHP Pedro Torres
Batting: RHB Clancy Booker 0-0: SINGLE (Groundball, 34D)
Batting: LHB Ju-wei Shiu 0-0: Foul Ball, location: 2F
0-1: DOUBLE (Line Drive, 78D)
Clancy Booker to third
Batting: RHB Rafael Canales 0-0: Fly out, F8 (Line Drive, 8LD)
Runner from 3rd tags up, SCORES, no throw
Batting: RHB Jesús Dávila 0-0: Ball
1-0: Swinging Strike
1-1: Ground out 6-3 (Groundball, 6)
Batting: SHB Rafael Villa 0-0: Ball
1-0: Ball
2-0: Called Strike
2-1: 2-RUN HOME RUN (Flyball, 78XD), Distance : 386 ft
Batting: LHB Felipe Guerrero 0-0: Called Strike
0-1: Ball
1-1: Fly out, F7 (Flyball, 7M)
Top of the 9th over - 3 run(s), 3 hit(s), 0 error(s), 0 left on base; Trenton 4 - Indiana 5
This league is powered by Out of the Park Baseball, the baseball management simulation game for PC, Mac and Linux
Tuesday, August 2nd, 2016 - OOTP Baseball 16.8 Build 38